Map: Ruins of Endion

Players

capac - Winner!

  • Race: Terran Terran
  • League: Gold

A.I. 1 (Elite)

  • Race: Protoss Protoss

VOD

Have the link to the VOD?

Description

Time

  • Played on: May 1, 2016, 12:50 p.m.
  • Length: 9:11
Show
View Real Time Build Order
Export as new Build Order

capac Terran - Winner!

Build Orders: Reaper Expand, MMM Bio 

Get SALT Encoding   

  12  0:01  SCV  
  13  0:13  SCV  
  14  0:18  Supply Depot  
  14  0:25  SCV  
  15  0:40  SCV  
  15  0:41  Barracks  
  16  0:46  Refinery  
  16  0:52  SCV  
  18  1:04  SCV  
  18  1:16  SCV  
  19  1:31  Orbital Command  
  19  1:32  Reaper  
  20  1:46  Command Center  
  20  1:51  Supply Depot  
  20  1:58  SCV  
  21  2:04  Marine  
  22  2:11  Factory  
  22  2:16  Barracks  
  22  2:19  SCV  
  23  2:36  SCV  
  24  2:38  Barracks Reactor  
  24  2:42  Refinery  
  24  2:51  Barracks, SCV  
  24  2:55  Factory Tech Lab  
  25  2:58  SCV  
  27  3:09  Barracks Tech Lab  
  26  3:14  SCV  
  26  3:15  Orbital Command  
  26  3:19  Marine x2  
  29  3:27  SCV  
  29  3:31  Siege Tank  
  33  3:34  Marine  
  33  3:37  Marine x2  
  33  3:39  SCV  
  37  3:44  Starport  
  37  3:49  Marine  
  37  3:51  SCV x2  
  37  3:52  Marine  
  41  3:57  Supply Depot, Marine x2  
  43  4:03  SCV x2  
  43  4:05  Stimpack  
  45  4:11  Marine  
  46  4:18  SCV x2  
  46  4:19  Marine  
  46  4:20  Marine  
  46  4:21  Marine  
  38  4:24  Medivac  
  51  4:29  Barracks Reactor  
  53  4:32  SCV  
  53  4:34  Engineering Bay  
  54  4:39  SCV  
  54  4:42  Supply Depot, Marine  
  54  4:43  Marine x2  
  58  4:55  Refinery  
  58  4:58  Starport Reactor  
  58  4:59  Siege Tank  
  61  5:03  Supply Depot  
  61  5:08  Marine x4  
  61  5:09  Marine  
  61  5:10  SCV x2  
  61  5:13  Refinery  
  68  5:22  Terran Infantry Weapons Level 1, SCV x2  
  68  5:25  Supply Depot  
  70  5:30  Marine x2  
  70  5:31  Supply Depot, Marine  
  70  5:33  Marine  
  74  5:46  Marine  
  74  5:48  Siege Tank  
  78  5:50  Medivac  
  78  5:53  SCV  
  78  5:54  SCV  
  78  5:55  Marine x4  
  86  6:05  SCV  
  86  6:06  SCV  
  86  6:07  Combat Shields  
  88  6:13  Medivac  
  90  6:23  Marine x4  
  94  6:34  Supply Depot  
  94  6:36  Marine, SCV x2  
  97  6:45  Medivac  
  97  6:46  Marine, Medivac  
  102  6:55  Marine x4  
  102  6:57  Siege Tank  
  109  7:02  Supply Depot  
  109  7:04  Marine  
  110  7:24  Marine x3  
  110  7:27  Liberator x2  
  98  7:41  Marine x2  
  98  7:42  Marine x2  
  98  7:43  Siege Tank  
  101  7:52  Marine  
  102  7:59  Marine x3  
  105  8:09  Command Center  
  105  8:14  Marine x2  
  105  8:17  Marine  
  108  8:20  Barracks  
  108  8:23  Barracks  
  108  8:25  Starport, Barracks  
  108  8:26  Medivac  
  108  8:27  Medivac  
  108  8:53  Marine x2  
  112  8:59  Supply Depot  
Show
View Real Time Build Order
Export as new Build Order

A.I. 1 (Elite) Protoss 

Build Orders:  

Get SALT Encoding   

  12  0:01  Probe (Chrono Boost)  
  13  0:11  Probe (Chrono Boost)  
  14  0:20  Pylon  
  14  0:22  Probe (Chrono Boost)  
  15  0:38  Probe (Chrono Boost)  
  16  0:46  Assimilator  
  16  0:49  Probe (Chrono Boost)  
  17  0:51  Gateway  
  17  0:59  Probe (Chrono Boost), Pylon  
  18  1:10  Probe (Chrono Boost)  
  19  1:20  Probe (Chrono Boost)  
  20  1:31  Probe (Chrono Boost)  
  21  1:36  Zealot  
  23  1:42  Cybernetics Core  
  23  1:43  Probe (Chrono Boost)  
  25  1:54  Probe (Chrono Boost)  
  25  2:00  Nexus  
  25  2:13  Gateway  
  25  2:16  Pylon  
  25  2:21  Zealot  
  27  2:24  Warp Gate  
  27  2:26  Probe (Chrono Boost)  
  29  2:38  Probe (Chrono Boost), Assimilator  
  29  2:47  Adept  
  29  2:49  Probe (Chrono Boost)  
  32  2:57  Adept  
  32  3:01  Probe (Chrono Boost)  
  35  3:06  Pylon  
  35  3:12  Adept  
  36  3:13  Probe (Chrono Boost)  
  38  3:22  Stalker  
  40  3:32  Probe (Chrono Boost)  
  41  3:37  Stalker  
  41  3:41  Gateway  
  44  3:42  Probe (Chrono Boost)  
  44  3:49  Stalker  
  44  3:51  Probe (Chrono Boost)  
  47  3:59  Probe (Chrono Boost)  
  49  4:03  Probe (Chrono Boost)  
  49  4:06  Stalker  
  52  4:11  Probe (Chrono Boost)  
  52  4:15  Probe (Chrono Boost)  
  53  4:17  Stalker  
  53  4:22  Probe (Chrono Boost)  
  56  4:26  Probe (Chrono Boost)  
  57  4:33  Probe (Chrono Boost)  
  57  4:35  Stalker  
  57  4:37  Probe (Chrono Boost)  
  57  4:38  Pylon  
  61  4:45  Pylon  
  61  4:56  Probe (Chrono Boost), Stalker x2  
  61  4:57  Probe (Chrono Boost)  
  67  5:01  Stalker  
  67  5:06  Pylon  
  70  5:08  Probe (Chrono Boost)  
  70  5:09  Probe (Chrono Boost)  
  71  5:17  Stalker  
  71  5:18  Stalker, Pylon  
  71  5:19  Probe (Chrono Boost)  
  71  5:20  Probe (Chrono Boost)  
  77  5:24  Stalker  
  79  5:30  Probe (Chrono Boost)  
  79  5:32  Probe (Chrono Boost)  
  79  5:34  Pylon  
  81  5:38  Stalker  
  81  5:40  Stalker  
  81  5:42  Probe (Chrono Boost)  
  87  5:43  Probe (Chrono Boost)  
  87  5:45  Twilight Council  
  87  5:46  Sentry  
  89  5:54  Probe x2 (Chrono Boost)  
  91  6:00  Sentry, Pylon  
  91  6:01  Assimilator  
  91  6:02  Stalker  
  95  6:07  Zealot, Assimilator  
  97  6:20  Pylon  
  97  6:29  Probe (Chrono Boost)  
  97  6:31  Templar Archives  
  98  6:33  Forge  
  98  6:39  Nexus, Forge  
  98  7:06  Pylon  
  98  7:07  High Templar x2  
  102  7:10  Robotics Facility  
  102  7:20  Pylon  
  102  7:25  Photon Cannon, Zealot  
  102  7:27  Photon Cannon  
  104  7:35  Zealot  
  104  7:36  Zealot  
  98  7:44  Zealot  
  68  7:49  Gateway  
  62  7:53  Probe (Chrono Boost)  
  62  7:54  Probe x2 (Chrono Boost), Zealot  
  62  7:55  Adept  
  62  7:57  Observer  
  50  8:02  High Templar  
  50  8:04  Assimilator  
  50  8:05  Probe x3 (Chrono Boost)  
  38  8:13  Zealot  
  38  8:14  Adept  
  38  8:16  Probe (Chrono Boost)  
  41  8:23  Pylon  
  26  8:33  Stalker, Zealot x2  
  27  8:51  Adept  
  22  9:05  Pylon  
Tags
 
Composition
MMM Bio
League
Gold
Matchup
PvT
Add a new tag
Caveats
  • Supply blocks, unpowered buildings, or Contaminate may cause inaccurate times.
  • Supply counts are checked every 10 seconds.